 Dungeon Crawl Stone Soup version 0.27-a0-811-ga052575696 (webtiles) character file.

Game seed: 3627725408168696146

1424 EnegeticOcto the Grappler (level 8, -5/79 (81) HPs)
             Began as a Troll Warper on Mar 29, 2021.
             Was an Initiate of Cheibriados.
             Slain by a two-headed ogre
             ... wielding a +0 dire flail
              (13 damage)
             ... on level 7 of the Dungeon.
             The game lasted 00:09:10 (1552 turns).

EnegeticOcto the Grappler (Troll Warper)            Turns: 1552, Time: 00:09:10

HP:   -5/79 (81)    AC:  5    Str: 21    XL:     8   Next: 44%
MP:   8/8           EV: 10    Int: 12    God:    Cheibriados [......]
Gold: 222           SH:  0    Dex: 10    Spells: 4/9 levels left

rFire    . . .     SeeInvis .     - Unarmed
rCold    . . .     Faith    .   (no shield)
rNeg     . . .     Spirit   .   a - +1 robe
rPois    .         Reflect  .   (helmet restricted)
rElec    .         Harm     .   (no cloak)
rCorr    .         Rampage  .   (gloves unavailable)
Will     .....                  (boots unavailable)
Stlth    +.........             (no amulet)
HPRegen  1.23/turn              (no ring)
MPRegen  0.11/turn              (no ring)

@: lightly drained, very slow
A: large, unfitting armour, claws 3, regeneration 1, shaggy fur 1, tough skin 1
a: Renounce Religion, Bend Time


You were on level 7 of the Dungeon.
You worshipped Cheibriados.
Cheibriados was noncommittal.
You visited 2 branches of the dungeon, and saw 9 of its levels.

You collected 222 gold pieces.

Inventory:

Hand Weapons
 l - a +1 scimitar of flaming
   (You took it off a wight on level 7 of the Dungeon)
Missiles
 d - 5 boomerangs of dispersal
 j - 19 poisoned darts (quivered)
Armour
 a - a +1 robe (worn)
Magical Staves
 e - a staff of fire
   (You found it on level 5 of the Dungeon)
Jewellery
 q - a ring of protection from fire
   (You found it on level 5 of the Dungeon)
Wands
 n - a wand of mindburst (3)
   (You found it on level 6 of the Dungeon)
Scrolls
 c - 2 scrolls of blinking {@r4}
 g - 2 scrolls of teleportation {@r3 !r}
 h - a scroll of fog {!r}
 i - a scroll of silence
 k - a scroll of summoning
 s - a scroll of magic mapping {@r5 !r}
Potions
 b - a potion of ambrosia
 f - 2 potions of curing {@q1 !q}
 m - a potion of heal wounds {@q2 !q}
 o - a potion of lignification {@q6}
 p - a potion of attraction
 r - a potion of flight


   Skills:
 + Level 5.4 Fighting
 - Level 0.8 Throwing
 - Level 1.9 Dodging
 * Level 8.6 Unarmed Combat
 - Level 1.2 Spellcasting
 - Level 2.1 Translocations


You had 4 spell levels left.
You knew the following spells:

 Your Spells              Type           Power      Damage    Failure   Level
a - Lesser Beckoning      Tloc           3%         N/A       34%         3
Y - Blink                 Tloc           N/A        N/A       19%         2

Your spell library contained the following spells:

 Spells                   Type           Power      Damage    Failure   Level
 Gell's Gravitas          Tloc           3%         N/A       34%         3
 Teleport Other           Tloc           6%         N/A       34%         3
 Manifold Assault         Tloc           6%         N/A       97%         5


Dungeon Overview and Level Annotations

Branches:
Dungeon (8/15)             Temple (1/1) D:5
   Lair: D:8-11

Altars:
Ashenzari
Cheibriados
Dithmenos
Elyvilon
Fedhas
Gozag
Hepliaklqana
Kikubaaqudgha
Makhleb
Nemelex Xobeh
Okawaru
Qazlal
Ru
Trog
Uskayaw
Vehumet
Xom
Zin
The Shining One


Innate Abilities, Weirdness & Mutations

You are too large for most types of armour.
You have claws for hands.
Your natural rate of healing is unusually fast.
You are covered in fur. (AC +1)
You have tough skin. (AC +1)


Message History

Cheibriados thoroughly appreciates the change of pace.
You mangle the centaur skeleton!!
You destroy the centaur skeleton!
Cheibriados appreciates the change of pace.
Things that are here:
a howler monkey corpse; a howler monkey corpse
Items here: ( )) †.
Found 18 arrows.
Found 13 gold pieces.
You now have 208 gold pieces (gained 13).
Found a stone staircase leading down.
A centaur skeleton comes into view.
Found 6 atropa-tipped darts.
You mangle the centaur skeleton!!
The centaur skeleton is severely damaged.
The centaur skeleton hits you. The centaur skeleton kicks you.
You claw the centaur skeleton!
You destroy the centaur skeleton!
Cheibriados thoroughly appreciates the change of pace.
No target in view!
A wight comes into view. It is wielding a +1 scimitar.
Found a stone staircase leading down.
Found 14 gold pieces.
The wight barely misses you.
You completely miss the wight. You closely miss the wight.
The wight hits you with a +1 scimitar!
You feel drained.
You barely miss the wight. The wight hits you with a +1 scimitar.
You feel drained.
You scratch the wight but do no damage. You claw the wight!
The wight is heavily damaged.
The wight hits you with a +1 scimitar!
You scratch the wight but do no damage.
The wight is heavily damaged.
The wight hits you with a +1 scimitar.
You feel drained.
You barely miss the wight.
The wight is heavily damaged.
The wight hits you with a +1 scimitar.
You claw the wight!
The wight is almost destroyed.
You claw the wight!
You destroy the wight!
Cheibriados thoroughly appreciates the change of pace.
Things that are here:
a +1 scimitar; a +0 robe
As you read the scroll of brand weapon, it crumbles to dust.
The +1 scimitar is covered with a thin layer of ice! a +1 scimitar of freezing
As you read the scroll of brand weapon, it crumbles to dust.
The +1 scimitar of freezing is engulfed in flames! a +1 scimitar of flaming
l - a +1 scimitar of flaming You now have 222 gold pieces (gained 14).
(D) Dungeon (T) Temple
Where to? (Enter - D:7, ? - help) HP restored.
There is a stone staircase leading down here.
You climb downwards.
A death yak and a two-headed ogre come into view.
The death yak bellows!
The two-headed ogre shouts in stereo!
Found a dagger.
There is a stone staircase leading up here.
Aiming: Mindburst
Press: ? - help, Shift-Dir - straight line, f - two-headed ogre
Aim: a two-headed ogre, wielding a +0 dire flail and a +0 giant club (chance to affect: 48%)
The two-headed ogre resists with some effort.
A rat comes into view.
Aiming: Mindburst
Press: ? - help, Shift-Dir - straight line, f/p - two-headed ogre
Aim: a two-headed ogre, wielding a +0 dire flail and a +0 giant club (chance to affect: 48%)
The two-headed ogre's mind is blasted!!
A rat comes into view.
Aiming: Mindburst
Press: ? - help, Shift-Dir - straight line, f/p - two-headed ogre
Aim: a two-headed ogre, wielding a +0 dire flail and a +0 giant club (moderately wounded, chance to affect: 48%)
The two-headed ogre resists with some effort.
The rat twitches its whiskers.
Aiming: Mindburst
Press: ? - help, Shift-Dir - straight line, f/p - two-headed ogre
Aim: a two-headed ogre, wielding a +0 dire flail and a +0 giant club (moderately wounded, chance to affect: 48%)
The two-headed ogre resists with some effort.
A death yak comes into view.
The death yak bellows!
The two-headed ogre hits you with a +0 dire flail!
The two-headed ogre hits you with a +0 giant club!!
You climb upwards.
There is a stone staircase leading down here.
You are too injured to fight recklessly!
You are too injured to fight recklessly!
You scratch the two-headed ogre.
The two-headed ogre is moderately wounded.
The two-headed ogre hits you with a +0 dire flail!!
The two-headed ogre hits you with a +0 giant club!
* * * LOW HITPOINT WARNING * * *
You claw the two-headed ogre!
The two-headed ogre is heavily wounded.
The two-headed ogre hits you with a +0 dire flail!
* * * LOW HITPOINT WARNING * * *
The two-headed ogre hits you with a +0 giant club!
You die...

. #. . #. .
#####.######### .
#.. ..........# #
#.# #........###
####.####...........
#...................
#.O@...[..........#.
#........####.###...
##........# #.# ####
#.........# #.#
#.........# .>.
#.........# ...
#.........# .....
#.........# .....
#.........#..(....


You could see a two-headed ogre.

Vanquished Creatures
  Edmund (D:4)
  A sky beast (D:6)
  A black bear (D:6)
  2 ice beasts
  2 ogres
  2 centaurs
  2 scorpions
  A water moccasin skeleton (D:6)
  A wight (D:7)
  3 howler monkeys (D:7)
  2 hounds
  3 iguanas
  2 centaur skeletons (D:7)
  A howler monkey zombie (D:5)
  Robin (D:4)
  2 adders
  An ufetubus (D:4)
  An adder skeleton (D:4)
  2 worms
  3 orcs
  4 bats
  4 endoplasms
  15 goblins
  7 hobgoblins
  3 jackals
  5 kobolds
  2 quokkas
  2 ball pythons
  4 frilled lizards
  4 rats (D:1)
  A spectral kobold (D:4)
85 creatures vanquished.

Notes
Turn   | Place    | Note
-------+----------+-------------------------------------------
     0 | D:1      | EnegeticOcto the Troll Warper began the quest for the Orb.
     0 | D:1      | Reached XP level 1. HP: 19/19 MP: 1/1
   115 | D:1      | Reached XP level 2. HP: 28/28 MP: 2/2
   119 | D:1      | Reached skill level 2 in Fighting
   406 | D:1      | You fall into a shaft and drop 1 floor!
   442 | D:3      | Reached XP level 3. HP: 35/35 MP: 3/3
   455 | D:4      | Noticed a scorpion
   460 | D:4      | Killed a scorpion
   461 | D:4      | Reached skill level 3 in Unarmed Combat
   461 | D:4      | Reached XP level 4. HP: 40/44 MP: 4/4
   482 | D:4      | Noticed Robin
   509 | D:4      | Killed Robin
   544 | D:4      | Reached skill level 3 in Fighting
   591 | D:4      | Found a shadowy altar of Dithmenos.
   638 | D:4      | Reached skill level 4 in Unarmed Combat
   638 | D:4      | Reached XP level 5. HP: 51/53 MP: 5/5
   648 | D:4      | Noticed Edmund
   662 | D:4      | Killed Edmund
   669 | D:4      | Learned a level 2 spell: Blink
   673 | D:4      | Learned a level 3 spell: Lesser Beckoning
   708 | D:3      | Reached skill level 5 in Unarmed Combat
   737 | D:4      | Reached XP level 6. HP: 61/61 MP: 6/6
   757 | D:5      | Entered Level 5 of the Dungeon
   817 | D:6      | Reached skill level 4 in Fighting
   821 | D:6      | Reached skill level 6 in Unarmed Combat
   821 | D:6      | Noticed an ice beast
   848 | D:6      | Killed an ice beast
   849 | D:6      | Reached XP level 7. HP: 37/70 MP: 7/7
   920 | D:6      | Reached skill level 7 in Unarmed Combat
   957 | D:6      | Found a burning altar of Makhleb.
   960 | D:6      | Found a white marble altar of Elyvilon.
   963 | D:6      | Found a glowing golden altar of the Shining One.
   964 | D:6      | Found a sparkling altar of Nemelex Xobeh.
   965 | D:6      | Found an opulent altar of Gozag.
   965 | D:6      | Found a hide-covered altar of Uskayaw.
   967 | D:6      | Found a shimmering altar of Xom.
   971 | D:6      | Found a broken altar of Ashenzari.
  1146 | D:4      | Found a hazy altar of Hepliaklqana.
  1263 | D:5      | Found a staircase to the Ecumenical Temple.
  1274 | Temple   | Entered the Ecumenical Temple
  1341 | Temple   | Became a worshipper of Cheibriados the Contemplative
  1422 | D:6      | Reached XP level 8. HP: 79/79 MP: 8/8
  1453 | D:7      | Reached skill level 5 in Fighting
  1456 | D:7      | Reached skill level 8 in Unarmed Combat
  1544 | D:8      | Noticed a death yak
  1544 | D:8      | Noticed a two-headed ogre
  1548 | D:8      | Noticed a death yak
  1552 | D:7      | Slain by a two-headed ogre

Illustrated notes

Levels and vault maps discovered:
D:1:      nzn_arrival_depleted_hourglass, layout_loops_ring,
          kennysheep_decorative_pillar, hangedman_decor_clover_reticule,
          minmay_nonomino_d4
D:2:      layout_rooms, cheibrodos_gnoll_hut
D:3:      layout_loops_ring, led_sif_book, kennysheep_okawaru_gauntlet
D:4:      layout_cave_pools, nicolae_overflow_crystal_walls,
          nicolae_hepliaklqana_monster_ancestors, uniq_edmund, uniq_robin
D:5:      layout_rooms, minmay_temple_entry_large_hall, st_stairs_14
D:6:      layout_cave_pools, minitemple
D:7:      layout_basic, item_on_display_b, uniq_duvessa
D:8:      layout_basic, dpeg_lair_monsters, gammafunk_ghost_arena
Temple:   minmay_temple_curvy_loop

Skill      XL: |  1  2  3  4  5  6  7  8 |
---------------+-------------------------+-----
Fighting       | 2 3 4 5 |  5.4
Unarmed Combat | 3 4 5 6 7 8 |  8.6
Throwing       | |  0.8
Dodging        | |  1.9
Spellcasting   | |  1.2
Translocations | |  2.1

Action                   |  1- 3 |  4- 6 |  7- 9 || total
-------------------------+-------+-------+-------++-------
Melee: Unarmed           |    68 |   122 |    85 ||   275
       Punch             |     1 |     1 |     4 ||     6
Throw: Dart              |     1 |     4 |       ||     5
Evoke: Wand              |       |       |     4 ||     4
  Use: Scroll            |       |     5 |    10 ||    15
       Potion            |       |     1 |       ||     1
 Stab: Sleeping          |     1 |       |       ||     1
Armor: Robe              |    27 |    46 |    17 ||    90
Dodge: Dodged            |    36 |   102 |    34 ||   172

Table legend: (Time is in decaauts)
 A = Elapsed time spent in this place.
 B = Non-inter-level travel time spent in this place.
 C = Inter-level travel time spent in this place.
 D = Time resting spent in this place.
 E = Time spent auto-exploring this place.
 F = Levels seen in this place.
 G = Mean time per level.
                   A        B        C        D        E       F      G
               +--------+--------+--------+--------+--------+-----+--------+
         Total |   1571 |   1525 |     46 |      0 |      0 |   9 |  174.6 |
       Dungeon |   1459 |   1413 |     46 |      0 |      0 |   8 |  182.4 |
        Temple |    111 |    111 |      0 |      0 |      0 |   1 |  111.0 |
               +--------+--------+--------+--------+--------+-----+--------+

Top non-repeatable levels by time:
     D:1: 402 daAuts
     D:4: 361 daAuts
     D:6: 275 daAuts
     D:5: 210 daAuts
     D:7: 117 daAuts
  Temple: 111 daAuts
     D:3: 62 daAuts
     D:2: 23 daAuts
     D:8: 5 daAuts
